 Dungeon Crawl Stone Soup version 0.28-a0-224-g76b539d98b (webtiles) character file.

Game seed: 8951624995043927848

32311 avis the Fencer (level 13, -21/93 (103) HPs)
             Began as a Barachi Ice Elementalist on Aug 21, 2021.
             Was an Initiate of Gozag.
             Demolished by Rupert (33 damage)
             ... on level 5 of the Lair of Beasts.
             The game lasted 02:54:19 (24516 turns).

avis the Fencer (Barachi Ice Elementalist)         Turns: 24516, Time: 02:54:23

HP:   -21/93 (103)  AC: 27    Str: 12    XL:     13   Next: 63%
MP:   23/30         EV: 14    Int: 22    God:    Gozag
Gold: 856           SH:  0    Dex: 18    Spells: 4/22 levels left

rFire   . . .      SeeInvis .   a - +7 great sword of the Gloaming {flame, rElec rN++ Dex+3}
rCold   . . .      Faith    .   (shield currently unavailable)
rNeg    + + .      Spirit   .   G - +0 steam dragon scales
rPois   .          Reflect  .   k - +2 helmet
rElec   +          Harm     .   F - +0 cloak
rCorr   .          Rampage  .   o - +2 pair of gloves
Will    .....                   v - +2 pair of boots
Stlth   ++........              N - amulet of regeneration
HPRegen 1.25/turn               z - ring of magical power
MPRegen 0.22/turn               A - +6 ring of intelligence

@: ice-armoured, freezing walls, drained, slow
A: amphibious, slowness 1, strong legs 2, +LOS
a: Hop, Renounce Religion, Potion Petition, Call Merchant, Bribe Branch


You were on level 5 of the Lair of Beasts.
You worshipped Gozag.
Gozag was pleased with you.
You visited 3 branches of the dungeon, and saw 17 of its levels.

You collected 3204 gold pieces.
You spent 2271 gold pieces at shops.
You paid 77 gold pieces to Gozag.

Inventory:

Hand Weapons
 a - the +7 great sword of the Gloaming (weapon) {flame, rElec rN++ Dex+3}
   (You found it on level 11 of the Dungeon)

   It burns those it strikes, dealing additional fire damage.
   Big, fiery blades are also staple armaments of hydra-hunters.
   Dex:       It affects your dexterity (+3).
   rElec:     It insulates you from electricity.
   rN:        It greatly protects you from negative energy.
Missiles
 f - 155 poisoned darts (quivered)
 j - 6 silver boomerangs
 B - 6 boomerangs of dispersal
 X - 2 curare-tipped darts
Armour
 k - a +2 helmet (worn)
 o - a +2 pair of gloves (worn)
 v - a +2 pair of boots (worn)
 F - a +0 cloak (worn)
 G - +0 steam dragon scales (worn)
Jewellery
 e - a ring of flight
 y - a ring of positive energy
 z - a ring of magical power (left hand)
 A - a +6 ring of intelligence (right hand)
 N - an amulet of regeneration (around neck)
Wands
 g - a wand of digging (8)
 h - a wand of paralysis (7)
 t - a wand of acid (6)
 D - a wand of iceblast (22)
 K - a wand of flame (36)
 S - a wand of mindburst (24)
 Z - a wand of polymorph (11)
Scrolls
 q - 2 scrolls of fog {unknown}
 s - a scroll of blinking {unknown}
 u - 5 scrolls of teleportation
 x - 2 scrolls of fear
 H - a scroll of silence {unknown}
 I - a scroll of acquirement {unknown}
 O - 2 scrolls of magic mapping
Potions
 c - 4 potions of might
 d - 4 potions of curing
 i - 3 potions of brilliance
 l - 3 potions of heal wounds
 r - a potion of berserk rage
 w - 6 potions of flight
 C - 2 potions of cancellation
 E - 4 potions of resistance
 M - a potion of invisibility
 Q - 2 potions of magic


   Skills:
 - Level 10.0 Fighting
 - Level 3.0(12.1) Short Blades
 * Level 18.7(18.8) Long Blades
 - Level 7.0 Armour
 - Level 5.0 Dodging
 - Level 3.0 Stealth
 + Level 5.4 Spellcasting
 - Level 3.0 Conjurations
 - Level 6.0 Translocations
 - Level 14.0 Ice Magic


You had 4 spell levels left.
You knew the following spells:

 Your Spells              Type           Power      Damage    Failure   Level
a - Freeze                Ice            100%       1d11      1%          1
b - Blink                 Tloc           N/A        N/A       1%          2
o - Ozocubu's Armour      Ice            61%        N/A       1%          3
r - Frozen Ramparts       Ice            100%       1d12      1%          3
s - Hailstorm             Conj/Ice       43%        3d10      3%          4
M - Manifold Assault      Tloc           32%        N/A       22%         5

Your spell library contained the following spells:

 Spells                   Type           Power      Damage    Failure   Level
 Gell's Gravitas          Tloc           16%        N/A       2%          3
 Teleport Other           Tloc           32%        N/A       2%          3
 Portal Projectile        Hex/Tloc       38%        N/A       9%          3
 Animate Skeleton         Necr           10%        N/A       10%         1
 Beastly Appendage        Tmut           10%        N/A       10%         1
 Pain                     Necr           20%        1d5       10%         1
 Sandblast                Erth           10%        2d5       10%         1
 Call Imp                 Summ           5%         N/A       14%         2
 Corpse Rot               Necr/Air       N/A        N/A       14%         2
 Passwall                 Tmut/Erth      4%         N/A       14%         2
 Poisonous Vapours        Pois/Air       10%        N/A       14%         2
 Wereblood                Tmut           5%         N/A       14%         2
 Dazzling Flash           Conj/Hex       24%        N/A       16%         3
 Call Canine Familiar     Summ           5%         N/A       28%         3
 Inner Flame              Hex/Fire       5%         N/A       28%         3
 Spider Form              Tmut/Pois      2%         N/A       28%         3
 Airstrike                Air            2%         N/A       67%         4
 Cause Fear               Hex            2%         N/A       67%         4
 Leda's Liquefaction      Hex/Erth       2%         N/A       67%         4
 Summon Lightning Spire   Summ/Air       5%         N/A       67%         4
 Freezing Cloud           Conj/Ice/Air   15%        6-21      26%         5
 Dispersal                Tloc           16%        N/A       77%         6
 Lightning Bolt           Conj/Air       6%         1d18      82%         5
 Agony                    Necr           5%         N/A       95%         5
 Lee's Rapid Deconstruct  Erth           2%         3d6*      95%         5
 Silence                  Hex/Air        2%         N/A       95%         5
 Storm Form               Tmut/Air       2%         N/A       100%        7
 Discord                  Hex            2%         N/A       100%        8


Dungeon Overview and Level Annotations

Branches:
Dungeon (11/15)            Temple (1/1) D:6            Lair (5/6) D:11
 Shoals (0/4) Lair:2       Spider (0/4) Lair:3          Orc (0/2) D:9
  Slime: Lair:5-6

Altars:
Ashenzari
Cheibriados
Dithmenos
Elyvilon
Fedhas
Gozag
Hepliaklqana
Kikubaaqudgha
Makhleb
Nemelex Xobeh
Okawaru
Qazlal
Ru
Sif Muna
Trog
Uskayaw
Vehumet
Wu Jian
Xom
Yredelemnul
Zin
The Shining One

Shops:
D:5 !(*!:   D:9 [   D:11 =

Annotations:
D:9 1 transporter
Lair:5 Rupert


Innate Abilities, Weirdness & Mutations

You are amphibious.
You cover ground slowly.
You can hop long distances.
You have an extended range of vision and can be seen from far away.


Message History

You can't see any susceptible monsters within range! (Use Z to cast anyway.)
Casting: Ozocubu's Armour (safe; 1% risk of failure)
Confirm with . or Enter, or press ? or * to list all spells.
Casting: Frozen Ramparts (safe; 1% risk of failure)
Press: ? - help, Dir - look around, f - activate The walls around you are covered in ice.
The wall freezes something!
Something hits you! You partially resist.
You feel drained.
Okay, then.
The wall freezes something!
Something hits you!! You partially resist.
You feel drained.
The wall freezes something!
Something hits you but does no damage. You partially resist.
Your icy armour and frozen ramparts will break if you move.
Continue? [Y]es or [N]o only, please.
Your icy armour and frozen ramparts will break if you move.
Continue? [Y]es or [N]o only, please.
Your icy armour and frozen ramparts will break if you move.
Continue? [Y]es or [N]o only, please.
Your icy armour and frozen ramparts will break if you move.
Continue?
Okay, then.
You completely miss something.
The wall freezes something.
Something hits you but does no damage. You partially resist.
You miss something.
The wall freezes something.
Something hits you!! You partially resist.
You feel drained.
You hit something but do no damage.
The wall freezes something.
Something hits you!!
* * * LOW HITPOINT WARNING * * *
You partially resist.
You feel drained.
* * * LOW HITPOINT WARNING * * *
You barely miss something.
The wall freezes something.
Something hits you!
* * * LOW HITPOINT WARNING * * *
You partially resist.
You feel drained.
* * * LOW HITPOINT WARNING * * *
You feel much better.
The wall freezes something.
Something hits you!
* * * LOW HITPOINT WARNING * * *
You partially resist.
You feel drained.
* * * LOW HITPOINT WARNING * * *
The wall freezes something.
Something hits you!!
You die...
Your body crumbles into a pile of gold.

...............P
...............
#......... ...#
#.............#
+.......P.....
#.....?.#...
#......... ##.....{.#
##......@#
.........####
............######
.................#
...............<.#
................##
................###
................#.#
...................##


There were no monsters in sight!

Vanquished Creatures
  Kirke (Lair:4)
  The ghost of Ramman the Basher, a journeyman MiBe of Trog (Lair:3)
  A two-headed ogre (D:9)
  Erica (Lair:2)
  Urug (Lair:4)
  4 centaur zombies
  11 elephants
  2 black mambas
  4 cane toads
  A gargoyle (D:11)
  2 rime drakes
  A kobold demonologist (D:10)
  Maggie (D:7)
  3 komodo dragons
  A polar bear (Lair:3)
  3 trolls
  A hornet (Lair:3)
  Grinder (D:5)
  17 blink frogs
  A dream sheep (Lair:3)
  A ynoxinul (D:9)
  5 wyverns
  A shadow (D:9)
  27 yaks
  A hog (Lair:4)
  3 humans (Lair:4)
  4 wraiths
  3 basilisks
  Grum (D:11)
  A steam dragon (Lair:3)
  An acid dragon (D:9)
  Duvessa (D:7)
  14 water moccasins
  6 orc warriors
  An ice beast (D:8)
  4 necrophages
  A black bear (D:7)
  An ogre (D:6)
  19 wolves
  5 centaurs
  2 phantoms (D:5)
  9 kobold brigands
  15 bullfrogs
  A water moccasin zombie (D:6)
  4 scorpions
  Dowan (D:7)
  2 howler monkeys
  5 wights (D:9)
  5 electric eels
  A bullfrog zombie (D:5)
  A bullfrog skeleton (D:5)
  8 orc priests
  7 hounds
  2 gnoll shamans
  Terence (D:3)
  4 iguanas
  A scorpion zombie (D:5)
  6 orc wizards
  A howler monkey zombie (D:6)
  8 adders
  6 gnolls
  2 shadow imps (D:10)
  2 white imps
  2 ufetubi
  An adder zombie (D:5)
  3 worms
  3 dart slugs
  27 orcs
  6 endoplasms
  8 giant cockroaches
  10 goblins
  8 hobgoblins
  3 jackals (D:4)
  43 kobolds
  4 quokkas
  6 ball pythons
  5 bats
  2 frilled lizards
  7 kobold skeletons (D:10)
  11 kobold zombies (D:10)
  4 rats
405 creatures vanquished.

Vanquished Creatures (others)
  A human (Lair:4)
  An orc wizard (D:7)
  40 fungi
  33 plants
75 creatures vanquished.

Grand Total: 480 creatures vanquished

Notes
Turn   | Place    | Note
-------+----------+-------------------------------------------
     0 | D:1      | avis the Barachi Ice Elementalist began the quest for the
                  | Orb.
     0 | D:1      | Reached XP level 1. HP: 13/13 MP: 3/3
    47 | D:1      | Reached skill level 5 in Ice Magic
   173 | D:1      | Reached skill level 1 in Fighting
   202 | D:1      | Reached XP level 2. HP: 21/21 MP: 1/5
   589 | D:1      | Reached XP level 3. HP: 26/26 MP: 2/7
   645 | D:1      | Learned a level 3 spell: Frozen Ramparts
   649 | D:1      | Learned a level 3 spell: Ozocubu's Armour
  1673 | D:2      | You are sucked into a shaft and drop 1 floor!
  1831 | D:2      | Reached XP level 4. HP: 32/32 MP: 4/8
  2540 | D:3      | Found a faded altar of an unknown god.
  2620 | D:3      | Noticed Terence
  2631 | D:3      | Killed Terence
  2859 | D:3      | Reached XP level 5. HP: 37/37 MP: 8/10
  3140 | D:3      | Found a broken altar of Ashenzari.
  3303 | D:3      | Learned a level 4 spell: Hailstorm
  3580 | D:4      | Noticed a necrophage
  3603 | D:4      | Killed a necrophage
  3604 | D:4      | Reached skill level 5 in Spellcasting
  3604 | D:4      | Reached XP level 6. HP: 19/43 MP: 8/13
  3918 | D:4      | Noticed a necrophage
  3931 | D:4      | Killed a necrophage
  4577 | D:5      | Entered Level 5 of the Dungeon
  4589 | D:5      | Found Vucwing's Weapon Shoppe.
  4614 | D:5      | Reached XP level 7. HP: 30/51 MP: 7/14
  5074 | D:5      | Found Fydaem's Distillery.
  5076 | D:5      | Reached skill level 1 in Conjurations
  5425 | D:5      | Found Nippe's General Store.
  5627 | D:5      | Found Pubioqan's Book Emporium.
  5898 | D:5      | Found a white marble altar of Elyvilon.
  6028 | D:5      | Found Nevef's Distillery.
  6032 | D:5      | Noticed Grinder
  6043 | D:5      | Paralysed by Grinder for 5 turns
  6174 | D:5      | Killed Grinder
  6175 | D:5      | Reached XP level 8. HP: 38/58 MP: 15/15
  6587 | D:6      | Reached skill level 10 in Ice Magic
  6665 | D:6      | Reached skill level 5 in Fighting
  6676 | D:6      | Found a staircase to the Ecumenical Temple.
  6700 | Temple   | Entered the Ecumenical Temple
  6760 | Temple   | Became a worshipper of Gozag Ym Sagoz the Greedy
  6821 | Temple   | Reached skill level 1 in Short Blades
  7194 | D:6      | Reached XP level 9. HP: 57/69 MP: 16/16
  8560 | D:7      | Noticed Dowan
  8560 | D:7      | Noticed Duvessa
  8574 | D:7      | Killed Dowan
  8575 | D:7      | Killed Duvessa
  9046 | D:7      | Reached skill level 10 in Fighting
  9059 | D:7      | Reached skill level 1 in Armour
  9294 | D:7      | Found a stormy altar of Qazlal.
  9468 | D:7      | Noticed Maggie
  9478 | D:7      | Killed Maggie
  9650 | D:7      | Reached XP level 10. HP: 79/85 MP: 17/17
  9810 | D:7      | Reached skill level 5 in Armour
 10257 | D:8      | Reached skill level 5 in Dodging
 10908 | D:9      | Found Gout's Armour Shoppe.
 10918 | D:9      | Noticed a two-headed ogre
 10933 | D:9      | Killed a two-headed ogre
 11008 | D:9      | Found a staircase to the Orcish Mines.
 11532 | D:9      | Found a bloodstained altar of Trog.
 11639 | D:9      | Found a shimmering blue altar of Sif Muna.
 11796 | D:9      | Got Sif Muna's Papyrus of Creative Evil Secrets
 11929 | D:9      | Found a sparkling altar of Nemelex Xobeh.
 11929 | D:9      | Found a transporter.
 12505 | D:10     | Entered Level 10 of the Dungeon
 12507 | D:10     | Found a glowing golden altar of the Shining One.
 12508 | D:10     | Found an ancient bone altar of Kikubaaqudgha.
 12508 | D:10     | Found a sacrificial altar of Ru.
 12511 | D:10     | Found a hide-covered altar of Uskayaw.
 12819 | D:10     | Reached XP level 11. HP: 90/90 MP: 18/18
 13230 | D:5      | Bought a manual of Long Blades for 1040 gold pieces
 13307 | D:5      | Bought a +0 long sword for 38 gold pieces
 13618 | D:10     | Found a blossoming altar of Fedhas.
 13700 | D:10     | Reached skill level 1 in Long Blades
 13752 | D:10     | Reached skill level 2 in Long Blades
 13930 | D:10     | Found a radiant altar of Vehumet.
 13970 | D:10     | Reached skill level 3 in Long Blades
 14210 | D:10     | Found an ancient bone altar of Kikubaaqudgha.
 14215 | D:10     | Noticed a sun demon
 14230 | D:10     | Reached skill level 4 in Long Blades
 14236 | D:10     | Reached skill level 5 in Long Blades
 14587 | D:10     | Reached skill level 6 in Long Blades
 15055 | D:11     | Found Jasamab's Jewellery Emporium.
 15055 | D:11     | Noticed Grum
 15062 | D:10     | Reached skill level 7 in Long Blades
 15397 | D:11     | Killed Grum
 15398 | D:11     | Reached skill level 8 in Long Blades
 15757 | D:11     | Reached skill level 9 in Long Blades
 15809 | D:11     | Found a staircase to the Lair.
 15904 | D:11     | Reached skill level 10 in Long Blades
 16179 | D:11     | Reached skill level 11 in Long Blades
 16241 | D:11     | Identified the +7 great sword of the Gloaming {flame, rElec
                  | rN++ Dex+3}
 16501 | D:11     | Reached skill level 12 in Long Blades
 16588 | Lair:1   | Entered Level 1 of the Lair of Beasts
 16778 | Lair:1   | Reached skill level 13 in Long Blades
 16936 | Lair:1   | Reached skill level 14 in Long Blades
 16936 | Lair:1   | Reached XP level 12. HP: 97/97 MP: 16/19
 17923 | D:5      | Bought 2 potions of degeneration for 24 gold pieces
 17923 | D:5      | Bought a potion of attraction for 36 gold pieces
 17923 | D:5      | Bought a potion of flight for 36 gold pieces
 17923 | D:5      | Bought a potion of lignification for 36 gold pieces
 17941 | D:5      | Bought a scroll of magic mapping for 38 gold pieces
 17941 | D:5      | Bought a potion of heal wounds for 55 gold pieces
 17941 | D:5      | Bought a scroll of torment for 82 gold pieces
 17959 | D:5      | Bought a potion of brilliance for 48 gold pieces
 17983 | D:5      | Bought a potion of might for 60 gold pieces
 18007 | D:5      | Bought a potion of invisibility for 96 gold pieces
 18007 | D:5      | Bought a potion of resistance for 120 gold pieces
 18031 | D:5      | Bought a potion of magic for 120 gold pieces
 18190 | Lair:1   | Upgraded the game from 0.28-a0-206-gc2c9e32840 to
                  | 0.28-a0-224-g76b539d98b
 18204 | Lair:2   | Noticed Erica
 18263 | Lair:2   | Killed Erica
 18264 | Lair:2   | Reached skill level 15 in Long Blades
 18738 | Lair:2   | Reached skill level 16 in Long Blades
 18909 | Lair:2   | Found a staircase to the Shoals.
 19901 | D:5      | Bought an Inescapable Atlas for 442 gold pieces
 19905 | D:5      | Learned a level 2 spell: Blink
 20433 | Lair:3   | Reached skill level 17 in Long Blades
 20835 | Lair:3   | Found a runed translucent gate.
 20835 | Lair:3   | Found a runed translucent gate.
 20835 | Lair:3   | Found a runed translucent gate.
 20839 | Lair:3   | Noticed Ramman's ghost (journeyman MiBe)
 21015 | Lair:3   | Found a hole to the Spider Nest.
 21087 | Lair:3   | Paralysed by a hornet for 1 turns
 21336 | Lair:3   | Reached skill level 1 in Translocations
 21338 | Lair:3   | Gained mutation: You can hop long distances. [Barachi
                  | growth]
 21338 | Lair:3   | Reached XP level 13. HP: 103/103 MP: 19/20
 22198 | Lair:3   | Killed Ramman's ghost
 22199 | Lair:3   | Reached skill level 18 in Long Blades
 22242 | Lair:3   | Learned a level 5 spell: Manifold Assault
 22509 | Lair:4   | Noticed Urug
 22520 | Lair:4   | Killed Urug
 22818 | Lair:4   | Reached skill level 5 in Translocations
 22886 | Lair:4   | Found a white marble altar of Elyvilon.
 23028 | Lair:4   | Noticed Kirke
 23035 | Lair:4   | Killed Kirke
 24502 | Lair:5   | Noticed Rupert
 24516 | Lair:5   | Demolished by Rupert

Illustrated notes

Levels and vault maps discovered:
D:1:      dpeg_arrival_rooms_a, layout_loops_ring, chequers_decorated_corner
D:2:      layout_basic
D:3:      layout_basic, cheibrodos_ashenzari_chains,
          chequers_ecumenical_altar_simple_redux, kennysheep_pointless_box,
          kennysheep_generic_room_6, uniq_terence
D:4:      layout_loops_ring, minmay_crystal_room
D:5:      layout_basic, marbit_many_paths, serial_shops, nicolae_shop_crystal,
          nicolae_shop_stone, nicolae_shop_competitors_out_of_business,
          nicolae_shop_behind_doors, nicolae_inconvenience_store, uniq_grinder
D:6:      layout_basic, minmay_temple_entry_statues_fountains
D:7:      layout_loops_ring, nicolae_qazlal_scattered_showers, uniq_duvessa,
          uniq_maggie
D:8:      layout_cave_pools
D:9:      layout_roguey, nzn_overflow_gifts_of_might_and_magic,
          grunt_nemelex_the_gamble, orc_david_3
D:10:     wander_kiku_kobolds, layout_gridville, grunt_temple_overflow_open,
          nicolae_vehumet_altar_sigil, fedhas_altar_3
D:11:     layout_roguey, erik_lair_island, serial_shops, nicolae_diamond_shop,
          hive_lemuel, uniq_grum
Temple:   cyrus_temple_forest
Lair:1:   layout_gridlike, serial_bayou_pond_d
Lair:2:   layout_long_grid, shoals_dummy_entry, chequers_serial_rivers_room_b,
          amcnicky_mini_pool_medium, uniq_erica
Lair:3:   layout_gridlike, nicolae_spider_entry_non_spiders,
          gammafunk_ghost_split, serial_bayou_shore_a
Lair:4:   layout_regular_city, basic_altar, fungi_pond_lemuel, uniq_urug,
          uniq_kirke
Lair:5:   nzn_winding_woodlands_stair_cross [nzn_winding_woodlands_5x15_eye,
          nzn_winding_woodlands_center_garden,
          nzn_winding_woodlands_5x15_concentric,
          nzn_winding_woodlands_5x5_checkerboard,
          nzn_winding_woodlands_5x5_closed_star,
          nzn_winding_woodlands_5x15_longhouse,
          nzn_winding_woodlands_center_lodge,
          nzn_winding_woodlands_5x15_zeroes], layout_gridlike,
          dpeg_slime_entry_enclosed_altar, minmay_holes, ice2_lemuel,
          uniq_rupert

Skill      XL: |  1  2  3  4  5  6  7  8  9 10 11 12 13 |
---------------+----------------------------------------+-----
Ice Magic      | 5 6 7 9 10 13 14 | 14.0
Fighting       | 1 2 3 5 10 | 10.0
Spellcasting   | 3 5 |  5.4
Stealth        | 2 3 |  3.0
Dodging        | 3 5 |  5.0
Conjurations   | 3 |  3.0
Short Blades   | 2 3 |  3.0
Armour         | 4 5 7 |  7.0
Long Blades    | 14 17 18 | 18.7
Translocations | 1 6 |  6.0

Action                   |  1- 3 |  4- 6 |  7- 9 | 10-12 | 13-15 || total
-------------------------+-------+-------+-------+-------+-------++-------
Melee: Short sword       |     1 |    54 |    82 |    26 |       ||   163
       Spear             |    13 |       |       |       |       ||    13
       Rapier            |       |       |    48 |       |       ||    48
       War axe           |       |       |     1 |    68 |       ||    69
       Morningstar       |       |       |       |     5 |       ||     5
       Long sword        |       |       |       |   126 |       ||   126
       Great sword       |       |       |       |   132 |    94 ||   226
Throw: Dart              |       |       |    13 |    27 |     9 ||    49
 Cast: Freeze            |    59 |    41 |    23 |     1 |       ||   124
       Frozen Ramparts   |     1 |    14 |    29 |    52 |    17 ||   113
       Ozocubu's Armour  |       |     4 |    30 |    75 |    19 ||   128
       Hailstorm         |       |       |    35 |   115 |    37 ||   187
       Manifold Assault  |       |       |       |       |    10 ||    10
 Abil: Hop               |       |       |     1 |       |       ||     1
Evoke: Wand              |       |       |       |     2 |       ||     2
  Use: Scroll            |       |       |       |    10 |     2 ||    12
       Potion            |       |       |       |       |     1 ||     1
 Stab: Sleeping          |     4 |     4 |     1 |     2 |       ||    11
       Distracted        |       |       |       |       |     1 ||     1
Armor: Robe              |     8 |    21 |    11 |       |       ||    40
       Leather armour    |       |       |    84 |       |       ||    84
       Steam dragon scal |       |       |     4 |   225 |    34 ||   263
Dodge: Dodged            |    26 |    43 |   121 |   295 |    42 ||   527
       Rpst.: Long sword |       |       |       |    37 |       ||    37
       Great sword       |       |       |       |    26 |    15 ||    41

Table legend: (Time is in decaauts)
 A = Elapsed time spent in this place.
 B = Non-inter-level travel time spent in this place.
 C = Inter-level travel time spent in this place.
 D = Time resting spent in this place.
 E = Time spent auto-exploring this place.
 F = Levels seen in this place.
 G = Mean time per level.
                   A        B        C        D        E       F      G
               +--------+--------+--------+--------+--------+-----+--------+
         Total |  27080 |  23110 |   3970 |   9181 |   8347 |  17 | 1592.9 |
       Dungeon |  18849 |  15582 |   3267 |   6045 |   5767 |  11 | 1713.5 |
        Temple |    684 |    634 |     50 |    447 |     44 |   1 |  684.0 |
          Lair |   7546 |   6894 |    652 |   2689 |   2535 |   5 | 1509.2 |
               +--------+--------+--------+--------+--------+-----+--------+

Top non-repeatable levels by time:
     D:5: 2639 daAuts
    D:10: 2631 daAuts
  Lair:3: 2413 daAuts
     D:9: 2176 daAuts
  Lair:4: 1960 daAuts
     D:6: 1928 daAuts
     D:7: 1807 daAuts
  Lair:2: 1651 daAuts
     D:1: 1406 daAuts
  Lair:1: 1405 daAuts
    D:11: 1400 daAuts
     D:4: 1324 daAuts
     D:2: 1266 daAuts
     D:3: 1177 daAuts
     D:8: 1091 daAuts
